[ PARTIDA AOE2 · #478108032 ]
UnrankedVietnamitas vs Persians
[ ANÁLISIS DE REPETICIÓN · EXTRAÍDO DE LA PARTIDA GRABADA ]
Feudal
13:40
Castillos
—
Imperial
—
| APM promedio | 22.9 |
| APM pico | 49 |
| eAPM promedio | 7.8 |
| Aldeanos / militares | 23 / 2 |
Foco
⚔️ 8.1% · 🌾 91.9%
Archer ×2
Feudal
15:22
Castillos
—
Imperial
—
| APM promedio | 11.7 |
| APM pico | 38 |
| eAPM promedio | 4.7 |
| Aldeanos / militares | 30 / 0 |
Foco
⚔️ 8.2% · 🌾 91.8%
Feudal
12:09
Castillos
17:34
Imperial
—
| APM promedio | 22.1 |
| APM pico | 36 |
| eAPM promedio | 12.7 |
| Aldeanos / militares | 25 / 0 |
Foco
⚔️ 27.9% · 🌾 72.1%
Feudal
14:45
Castillos
—
Imperial
—
| APM promedio | 14.7 |
| APM pico | 46 |
| eAPM promedio | 5.1 |
| Aldeanos / militares | 21 / 0 |
Foco
⚔️ 12.5% · 🌾 87.5%
Feudal
13:25
Castillos
—
Imperial
—
| APM promedio | 31.1 |
| APM pico | 79 |
| eAPM promedio | 11.9 |
| Aldeanos / militares | 29 / 5 |
Foco
⚔️ 29.7% · 🌾 70.3%
Scout Cavalry ×5
Feudal
—
Castillos
—
Imperial
—
| APM promedio | 7.4 |
| APM pico | 37 |
| eAPM promedio | 2.0 |
| Aldeanos / militares | 0 / 0 |
Foco
⚔️ 58.3% · 🌾 41.7%
Feudal
14:38
Castillos
—
Imperial
—
| APM promedio | 13.1 |
| APM pico | 30 |
| eAPM promedio | 6.7 |
| Aldeanos / militares | 25 / 1 |
Foco
⚔️ 16.9% · 🌾 83.1%
Spearman ×1
Feudal
—
Castillos
—
Imperial
—
| APM promedio | 26.0 |
| APM pico | 65 |
| eAPM promedio | 8.2 |
| Aldeanos / militares | 35 / 0 |
Foco
⚔️ 7.1% · 🌾 92.9%
Mapa de la partida
Recursos iniciales + cada clic de construcción. Líneas = muros · curvas = relieve. ◆ oro · ⬟ piedra · ● bayas · ✦ reliquia · ◌ hueco del cierre
Tu base· Abierta — hueco de 13t
Base de Alessa· Abierta — flanco sin cerrar
Base de mankosmurf· Abierta — flanco sin cerrar
Base de MurallaMuerta· Abierta — flanco sin cerrar
Base de Tuisova· Abierta — flanco sin cerrar
Base de Prince of Hell· Abierta — flanco sin cerrar
Base de RuloEstuvoAcá· Abierta — hueco de 10t
Base de Minos· Abierta — hueco de 12t
Terreno inicial suavizado · ◌ = hueco del cierre detectado · pasá el cursor para detalles
Inputs por minuto
— oneastheothers - - Alessa
Build order — oneastheothers
46 acciones detectadas en el replay
| 1:02 | Construir | Town Center |
| 3:40 | Crear | Villager (Male) |
| 3:40 | Crear | Villager (Male) |
| 3:46 | Construir | House |
| 4:08 | Crear | Villager (Male) |
| 5:01 | Crear | Villager (Male) |
| 5:02 | Crear | Villager (Male) |
| 5:27 | Crear | Villager (Male) |
| 5:35 | Construir | House |
| 6:09 | Construir | Lumber Camp |
| 6:12 | Crear | Villager (Male) |
| 6:28 | Crear | Villager (Male) |
| 6:46 | Crear | Villager (Male) |
| 7:31 | Crear | Villager (Male) |
| 7:36 | Crear | Villager (Male) |
| 8:11 | Crear | Villager (Male) |
| 8:18 | Construir | House |
| 8:26 | Construir | House |
| 8:30 | Crear | Villager (Male) |
| 9:12 | Crear | Villager (Male) |
| 9:38 | Construir | Mill |
| 10:01 | Crear | Villager (Male) |
| 10:39 | Construir | House |
| 10:42 | Construir | House |
| 11:02 | Crear | Villager (Male) |
| 11:30 | Investigar | Feudal Age |
| 12:32 | Construir | Mining Camp |
| 12:43 | Construir | House |
| 12:51 | Crear | Villager (Male) |
| 12:58 | Investigar | Loom |
| 13:25 | Construir | House |
| 13:40 | Edad | Edad Feudal |
| 13:47 | Construir | Palisade Wall |
| 13:56 | Crear | Villager (Male) |
| 14:07 | Investigar | Double-Bit Axe |
| 14:38 | Crear | Villager (Male) |
| 14:39 | Crear | Villager (Male) |
| 15:00 | Crear | Villager (Male) |
| 15:09 | Construir | Barracks |
| 15:28 | Construir | Mill |
| 16:12 | Construir | Archery Range |
| 16:19 | Crear | Villager (Male) |
| 16:19 | Crear | Villager (Male) |
| 17:11 | Crear | Archer |
| 17:12 | Crear | Archer |
| 17:21 | Construir | Archery Range |
Build order — Alessa
31 acciones detectadas en el replay
| 0:03 | Construir | House |
| 1:33 | Construir | Town Center |
| 3:43 | Crear | Villager (Male) ×5 |
| 4:28 | Construir | House |
| 4:35 | Construir | House |
| 4:37 | Construir | House |
| 5:09 | Crear | Villager (Male) |
| 5:40 | Construir | House |
| 6:07 | Crear | Villager (Male) ×3 |
| 6:18 | Construir | Lumber Camp |
| 6:25 | Crear | Villager (Male) |
| 6:25 | Crear | Villager (Male) |
| 6:32 | Construir | House |
| 7:16 | Crear | Villager (Male) ×2 |
| 7:32 | Crear | Villager (Male) |
| 7:58 | Construir | Mill |
| 8:02 | Crear | Villager (Male) |
| 8:29 | Crear | Villager (Male) |
| 9:20 | Crear | Villager (Male) ×2 |
| 9:20 | Crear | Villager (Male) ×2 |
| 9:44 | Crear | Villager (Male) ×2 |
| 10:09 | Crear | Villager (Male) ×2 |
| 10:39 | Crear | Villager (Male) ×3 |
| 10:40 | Crear | Villager (Male) ×3 |
| 12:20 | Construir | Mining Camp |
| 13:16 | Investigar | Loom |
| 13:17 | Investigar | Feudal Age |
| 13:19 | Investigar | Loom |
| 13:33 | Construir | Barracks |
| 15:09 | Construir | House |
| 15:22 | Edad | Edad Feudal |
Build order — mankosmurf
44 acciones detectadas en el replay
| 0:23 | Construir | Town Center |
| 0:28 | Construir | Town Center |
| 2:15 | Construir | House |
| 2:29 | Crear | Villager (Male) ×4 |
| 3:27 | Crear | Villager (Male) |
| 3:52 | Crear | Villager (Male) |
| 4:19 | Crear | Villager (Male) |
| 4:34 | Crear | Villager (Male) |
| 5:05 | Construir | House |
| 5:09 | Crear | Villager (Male) |
| 5:40 | Crear | Villager (Male) |
| 6:00 | Crear | Villager (Male) |
| 6:39 | Crear | Villager (Male) |
| 6:59 | Crear | Villager (Male) |
| 7:16 | Construir | Settlement |
| 7:25 | Investigar | Loom |
| 7:31 | Construir | House |
| 7:50 | Crear | Villager (Male) |
| 7:52 | Crear | Villager (Male) |
| 7:52 | Crear | Villager (Male) |
| 8:19 | Crear | Villager (Male) |
| 8:44 | Construir | House |
| 8:57 | Construir | House |
| 9:01 | Crear | Villager (Male) |
| 9:47 | Investigar | Feudal Age |
| 9:56 | Crear | Villager (Male) |
| 10:42 | Crear | Villager (Male) |
| 11:22 | Crear | Villager (Male) |
| 11:42 | Construir | Settlement |
| 12:09 | Edad | Edad Feudal |
| 12:38 | Construir | Market |
| 13:26 | Crear | Villager (Male) |
| 13:45 | Construir | Palisade Wall |
| 13:46 | Construir | Palisade Wall |
| 13:49 | Construir | Palisade Wall |
| 13:55 | Construir | Palisade Wall |
| 13:56 | Construir | Palisade Wall |
| 13:58 | Crear | Villager (Male) |
| 14:06 | Construir | Blacksmith |
| 14:21 | Crear | Villager (Male) |
| 14:54 | Investigar | Castle Age |
| 15:06 | Construir | Settlement |
| 17:27 | Crear | Villager (Male) |
| 17:34 | Edad | Edad de los Castillos |
Build order — MurallaMuerta
35 acciones detectadas en el replay
| 0:33 | Construir | Town Center |
| 1:25 | Construir | House |
| 1:27 | Construir | House |
| 2:49 | Crear | Villager (Male) |
| 2:50 | Crear | Villager (Male) |
| 2:50 | Crear | Villager (Male) |
| 3:22 | Crear | Villager (Male) |
| 4:08 | Crear | Villager (Male) |
| 4:20 | Crear | Villager (Male) |
| 4:57 | Crear | Villager (Male) |
| 5:18 | Crear | Villager (Male) |
| 5:19 | Investigar | Loom |
| 6:11 | Crear | Villager (Male) |
| 6:39 | Construir | House |
| 6:42 | Crear | Villager (Male) |
| 6:58 | Crear | Villager (Male) |
| 7:19 | Construir | House |
| 7:33 | Crear | Villager (Male) |
| 7:54 | Crear | Villager (Male) |
| 7:56 | Construir | House |
| 8:43 | Crear | Villager (Male) |
| 9:26 | Crear | Villager (Male) |
| 9:35 | Construir | Mill |
| 10:22 | Crear | Villager (Male) |
| 10:22 | Crear | Villager (Male) |
| 11:32 | Construir | Mill |
| 11:35 | Crear | Villager (Male) |
| 11:41 | Construir | Mule Cart |
| 12:35 | Investigar | Feudal Age |
| 13:56 | Crear | Villager (Male) |
| 14:45 | Edad | Edad Feudal |
| 14:47 | Crear | Villager (Male) |
| 15:05 | Crear | Villager (Male) |
| 15:17 | Construir | Mill |
| 17:40 | Construir | Mill |
Build order — Tuisova
71 acciones detectadas en el replay
| 1:27 | Construir | Town Center |
| 2:29 | Construir | House |
| 2:31 | Construir | House |
| 3:13 | Crear | Villager (Male) |
| 3:13 | Crear | Villager (Male) |
| 3:36 | Crear | Villager (Male) |
| 4:15 | Crear | Villager (Male) |
| 4:39 | Crear | Villager (Male) |
| 5:05 | Crear | Villager (Male) |
| 5:32 | Crear | Villager (Male) |
| 5:41 | Construir | Lumber Camp |
| 5:51 | Crear | Villager (Male) |
| 6:07 | Crear | Villager (Male) |
| 6:45 | Crear | Villager (Male) |
| 6:45 | Crear | Villager (Male) |
| 6:55 | Construir | House |
| 6:56 | Construir | Palisade Wall |
| 7:24 | Crear | Villager (Male) |
| 7:41 | Construir | Mill |
| 7:49 | Crear | Villager (Male) |
| 8:45 | Crear | Villager (Male) |
| 8:45 | Crear | Villager (Male) |
| 9:17 | Crear | Villager (Male) |
| 9:23 | Construir | House |
| 9:27 | Construir | Palisade Wall |
| 9:28 | Construir | Palisade Wall |
| 9:29 | Construir | Palisade Wall |
| 9:29 | Construir | Palisade Wall |
| 9:29 | Construir | Palisade Wall |
| 9:33 | Construir | Palisade Wall |
| 9:36 | Crear | Villager (Male) |
| 10:06 | Crear | Villager (Male) |
| 10:32 | Investigar | Feudal Age |
| 10:37 | Investigar | Loom |
| 10:37 | Investigar | Feudal Age |
| 12:18 | Crear | Villager (Male) |
| 12:49 | Construir | Mining Camp |
| 13:18 | Construir | Barracks |
| 13:25 | Edad | Edad Feudal |
| 13:28 | Construir | Farm |
| 13:30 | Construir | Farm |
| 13:31 | Investigar | Double-Bit Axe |
| 13:38 | Crear | Villager (Male) |
| 13:55 | Construir | Farm |
| 14:05 | Construir | Palisade Wall |
| 14:10 | Crear | Villager (Male) |
| 14:18 | Construir | House |
| 14:26 | Construir | Farm |
| 14:36 | Crear | Villager (Male) |
| 14:38 | Construir | Stable |
| 14:49 | Crear | Villager (Male) |
| 15:08 | Construir | Farm |
| 15:15 | Crear | Scout Cavalry |
| 15:15 | Crear | Scout Cavalry |
| 15:16 | Crear | Scout Cavalry |
| 15:24 | Construir | Farm |
| 15:25 | Crear | Villager (Male) |
| 15:37 | Construir | Farm |
| 15:44 | Crear | Villager (Male) |
| 15:58 | Construir | Farm |
| 16:01 | Construir | Farm |
| 16:05 | Construir | House |
| 16:11 | Crear | Scout Cavalry |
| 16:24 | Construir | House |
| 16:31 | Crear | Villager (Male) |
| 16:31 | Crear | Villager (Male) |
| 17:00 | Crear | Villager (Male) |
| 17:05 | Construir | Farm |
| 17:17 | Crear | Scout Cavalry |
| 17:27 | Crear | Villager (Male) |
| 17:29 | Construir | Farm |
Build order — Prince of Hell
11 acciones detectadas en el replay
| 0:20 | Construir | Settlement |
| 0:30 | Construir | Settlement |
| 1:04 | Construir | Settlement |
| 12:27 | Construir | Palisade Gate |
| 12:31 | Construir | Palisade Gate |
| 12:34 | Construir | Palisade Gate |
| 12:37 | Construir | Palisade Gate |
| 12:40 | Construir | Palisade Wall |
| 13:35 | Construir | Palisade Gate |
| 13:49 | Construir | Outpost |
| 15:50 | Construir | Palisade Wall |
Build order — RuloEstuvoAcá
39 acciones detectadas en el replay
| 0:29 | Construir | Town Center |
| 2:52 | Crear | Villager (Male) ×4 |
| 3:48 | Construir | House |
| 3:51 | Construir | House |
| 3:55 | Investigar | Loom |
| 4:13 | Construir | Mill |
| 4:25 | Crear | Villager (Male) |
| 4:26 | Crear | Villager (Male) |
| 4:26 | Crear | Villager (Male) |
| 4:45 | Construir | House |
| 5:18 | Crear | Villager (Male) |
| 6:05 | Crear | Villager (Male) |
| 6:51 | Crear | Villager (Male) |
| 7:23 | Crear | Villager (Male) |
| 7:24 | Crear | Villager (Male) |
| 7:41 | Crear | Villager (Male) |
| 7:59 | Crear | Villager (Male) |
| 8:27 | Crear | Villager (Male) |
| 8:44 | Construir | Mule Cart |
| 9:06 | Crear | Villager (Male) |
| 9:45 | Construir | House |
| 9:52 | Crear | Villager (Male) |
| 10:05 | Crear | Villager (Male) |
| 10:24 | Crear | Villager (Male) |
| 10:38 | Construir | Mill |
| 11:04 | Crear | Villager (Male) |
| 11:36 | Crear | Villager (Male) |
| 11:54 | Crear | Villager (Male) |
| 12:28 | Investigar | Feudal Age |
| 12:54 | Construir | House |
| 13:20 | Construir | Barracks |
| 14:14 | Crear | Villager (Male) |
| 14:20 | Construir | House |
| 14:38 | Edad | Edad Feudal |
| 14:42 | Crear | Spearman |
| 14:54 | Construir | Watch Tower |
| 15:16 | Construir | Stable |
| 15:43 | Crear | Villager (Male) |
| 15:44 | Crear | Villager (Male) |
Build order — Minos
47 acciones detectadas en el replay
| 1:18 | Construir | Town Center |
| 1:52 | Construir | House |
| 1:53 | Construir | House |
| 3:36 | Crear | Villager (Male) |
| 3:36 | Crear | Villager (Male) |
| 3:36 | Crear | Villager (Male) |
| 3:37 | Crear | Villager (Male) |
| 3:37 | Crear | Villager (Male) |
| 4:52 | Crear | Villager (Male) |
| 4:53 | Crear | Villager (Male) |
| 5:22 | Crear | Villager (Male) |
| 5:22 | Crear | Villager (Male) |
| 6:00 | Crear | Villager (Male) |
| 6:01 | Crear | Villager (Male) |
| 6:10 | Crear | Villager (Male) |
| 6:10 | Crear | Villager (Male) |
| 6:42 | Crear | Villager (Male) |
| 6:42 | Crear | Villager (Male) |
| 7:12 | Crear | Villager (Male) |
| 7:12 | Crear | Villager (Male) |
| 7:40 | Crear | Villager (Male) |
| 7:40 | Crear | Villager (Male) |
| 7:52 | Construir | House |
| 7:53 | Construir | House |
| 8:06 | Crear | Villager (Male) |
| 8:06 | Crear | Villager (Male) |
| 8:22 | Construir | Mill |
| 8:42 | Crear | Villager (Male) |
| 8:42 | Crear | Villager (Male) |
| 9:07 | Crear | Villager (Male) |
| 9:07 | Crear | Villager (Male) |
| 9:08 | Crear | Villager (Male) |
| 9:08 | Crear | Villager (Male) |
| 9:37 | Crear | Villager (Male) |
| 10:16 | Crear | Villager (Male) |
| 10:16 | Crear | Villager (Male) |
| 10:16 | Crear | Villager (Male) |
| 10:16 | Crear | Villager (Male) |
| 11:15 | Construir | House |
| 11:16 | Construir | House |
| 11:42 | Crear | Villager (Male) |
| 11:42 | Crear | Villager (Male) |
| 12:02 | Construir | Mining Camp |
| 12:49 | Crear | Villager (Male) |
| 12:53 | Investigar | Loom |
| 13:03 | Construir | Mill |
| 13:23 | Investigar | Feudal Age |
Cronología de la partida
| 6:56 | Tuisova · wall_segment Palisade Wall x1 |
| 9:27 | Tuisova · wall_segment Palisade Wall x1 |
| 9:28 | Tuisova · wall_segment Palisade Wall x1 |
| 9:29 | Tuisova · wall_segment Palisade Wall x1 |
| 9:29 | Tuisova · wall_segment Palisade Wall x1 |
| 9:29 | Tuisova · wall_segment Palisade Wall x1 |
| 9:33 | Tuisova · wall_segment Palisade Wall x1 |
| 12:09 | mankosmurf · age_up feudal |
| 12:40 | Prince of Hell · wall_segment Palisade Wall x1 |
| 13:18 | Tuisova · first_building Barracks |
| 13:20 | RuloEstuvoAcá · first_building Barracks |
| 13:25 | Tuisova · age_up feudal |
| 13:33 | Alessa · first_building Barracks |
| 13:40 | oneastheothers · age_up feudal |
| 13:45 | mankosmurf · wall_segment Palisade Wall x1 |
| 13:46 | mankosmurf · wall_segment Palisade Wall x1 |
| 13:47 | oneastheothers · wall_segment Palisade Wall x12 |
| 13:49 | mankosmurf · wall_segment Palisade Wall x1 |
| 13:55 | mankosmurf · wall_segment Palisade Wall x1 |
| 13:56 | mankosmurf · wall_segment Palisade Wall x1 |
| 14:05 | Tuisova · wall_segment Palisade Wall x1 |
| 14:25 | mankosmurf · first_market_buy 100 food |
| 14:38 | Tuisova · first_building Stable |
| 14:38 | RuloEstuvoAcá · age_up feudal |
| 14:45 | MurallaMuerta · age_up feudal |
| 15:09 | oneastheothers · first_building Barracks |
| 15:16 | RuloEstuvoAcá · first_building Stable |
| 15:17 | Minos · resign |
| 15:22 | Alessa · age_up feudal |
| 15:50 | Prince of Hell · wall_segment Palisade Wall x1 |
| 16:12 | oneastheothers · first_building Archery Range |
| 17:34 | mankosmurf · age_up castle |
[ ANÁLISIS IA · 1 CRÉDITO ]
¿Qué pasó realmente en esta partida?
Wolo.gg analiza cada decisión: build order, eco, micro, errores típicos por bracket. Análisis personalizado por WhatsApp o Discord en 30 segundos.
Guía civ
Vietnamitas
Perfil
oneastheothers